 Dungeon Crawl Stone Soup version 0.30-a0-618-gd6c86c23d0 (webtiles) character file.

Game seed: 10492062998868727996

127 YayAnonymity the Chopper (level 4, -5/39 HPs)
             Began as a Minotaur Fighter on Jan 10, 2023.
             Killed from afar by Natasha (19 damage)
             ... with a bolt of light
             ... on level 2 of the Dungeon.
             The game lasted 00:01:58 (1223 turns).

YayAnonymity the Chopper (Minotaur Fighter)         Turns: 1223, Time: 00:01:58

Health: -5/39      AC:  6    Str: 22    XL:     4   Next: 85%
Magic:  12/12      EV:  9    Int: 12    God:
Gold:   100        SH:  4    Dex: 10    Spells: 3/3 levels left

rFire   . . .      SeeInvis .    a - +0 war axe
rCold   . . .      Faith    .    c - +0 buckler
rNeg    . . .      Spirit   .    b - +0 scale mail
rPois   .          Reflect  .    (helmet restricted)
rElec   .          Harm     .    (no cloak)
rCorr   .          Rampage  .    (no gloves)
Will    .....                    (no boots) Stlth
                                 (no amulet)
HPRegen 0.26/turn                p - ring "Yxyaryo" {MP+9 Int+7}
MPRegen 0.13/turn                (no ring)

@: no status effects
A: horns 2, retaliatory headbutt
a: no special abilities


You were on level 2 of the Dungeon.
You visited 1 branch of the dungeon, and saw 2 of its levels.

You collected 100 gold pieces.

Inventory:

Hand Weapons
 a - a +0 war axe (weapon)
Armour
 b - a +0 scale mail (worn)
 c - a +0 buckler (worn)
Jewellery
 p - the ring "Yxyaryo" (left hand) {MP+9 Int+7}
   (You found it on level 2 of the Dungeon)

   [ring of magical power]

   Int:       It affects your intelligence (+7).
   MP:        It affects your magic capacity (+9).
Scrolls
 f - a scroll of teleportation {unknown}
 j - 2 scrolls of identify {unknown}
 l - a scroll of noise {unknown}
 n - a scroll of vulnerability {unknown}
 o - a scroll of blinking {unknown}
Potions
 d - a potion of might
 e - a potion of mutation {unknown}
 g - 2 potions of degeneration {unknown}
 h - a potion of ambrosia {unknown}
 i - a potion of berserk rage {unknown}
 k - a potion of flight {unknown}
 m - a potion of resistance {unknown}


   Skills:
 - Level 3.6 Fighting
 * Level 6.0 Axes
 - Level 3.6 Armour
 - Level 4.0 Shields


You had 3 spell levels left.
You didn't know any spells.
Your spell library was empty.

Dungeon Overview and Level Annotations

Branches:
Dungeon (2/15)

Altars:

Annotations:
D:2 Natasha


Innate Abilities, Weirdness & Mutations

You have a pair of horns on your head.
You reflexively headbutt those who attack you in melee.


Message History

The worm bites you!
You slash the worm!
You kill the worm!
You closely miss Natasha. Natasha claws you but does no damage.
You block Natasha's attack.
You hit Natasha but do no damage.
Natasha casts a spell.
You barely miss Natasha. You headbutt Natasha.
Natasha is heavily wounded.
You hit the iron imp. Natasha claws you. The iron imp hits you.
You closely miss Natasha.
Natasha is heavily wounded.
You slash the iron imp! Natasha misses you. The iron imp hits you!
You block Natasha's attack.
You are too injured to fight recklessly!
You are too injured to fight recklessly!
You are too injured to fight recklessly!
You hit Natasha.
Natasha is severely wounded.
You hit the iron imp but do no damage. Natasha claws you.
The iron imp hits you!
* * * LOW HITPOINT WARNING * * *
You hit Natasha.
Natasha is severely wounded.
You barely miss the iron imp. Natasha closely misses you.
The iron imp hits you.
* * * LOW HITPOINT WARNING * * *
You slash Natasha!
You kill Natasha!
Natasha screams in fury as she dies!
The iron imp disappears in a puff of smoke!
Your Axes skill increases to level 6!
Natasha, Servant of Life and Death comes into view.
She is carrying a wand of light (5).
You are too injured to fight recklessly!
You are too injured to fight recklessly!
Natasha hisses angrily.
Natasha stares at you and mumbles some strange words.
The magic dart hits you.
Natasha zaps a wand.
The bolt of light hits you!!
You die...

#..# #..###.#....†.
#..# #........†....
###†.###........#...<
#..............<##...
#....##.##......##...
#...h## ####....##...
####.# #....##### #.#
#....# # #@# ######
#...####.##
#.........#
#.######..# #..# #..#
.... #..#. #..#.#


You could see Natasha.

Vanquished Creatures
  Natasha (twice) (D:2)
  2 adders (D:2)
  3 worms (D:2)
  A dart slug (D:1)
  4 bats
  4 endoplasms
  3 giant cockroaches (D:1)
  2 goblins (D:1)
  7 hobgoblins
  9 jackals
  3 kobolds
  3 ball pythons (D:1)
  2 frilled lizards
  A rat (D:1)
46 creatures vanquished.

Notes
Turn   | Place    | Note
-------+----------+-------------------------------------------
     0 | D:1      | YayAnonymity the Minotaur Fighter began the quest for the
                  | Orb.
     0 | D:1      | Reached XP level 1. HP: 19/19 MP: 0/0
   170 | D:1      | Reached skill level 3 in Axes
   199 | D:1      | Reached XP level 2. HP: 21/26 MP: 1/1
   522 | D:1      | Reached skill level 4 in Axes
   525 | D:1      | Reached XP level 3. HP: 27/31 MP: 2/2
   850 | D:2      | Reached skill level 5 in Axes
   890 | D:2      | Reached XP level 4. HP: 39/39 MP: 3/3
   899 | D:2      | Identified the ring "Yxyaryo" {MP+9 Int+7}
  1135 | D:2      | Noticed Natasha
  1141 | D:2      | Killed Natasha
  1169 | D:2      | Noticed Natasha
  1178 | D:2      | Killed Natasha
  1179 | D:2      | Reached skill level 6 in Axes
  1220 | D:2      | Noticed Natasha
  1223 | D:2      | Killed from afar by Natasha

Illustrated notes

Levels and vault maps discovered:
D:1:      amcnicky_arrival_flooded_fountain, layout_rooms,
          minmay_misc_feat_rugged
D:2:      layout_basic, uniq_natasha

Skill      XL: |  1  2  3  4 |
---------------+-------------+-----
Axes           | 3 4 5 6 |  6.0
Shields        | 4 |  4.0
Fighting       | |  3.6
Armour         | |  3.6

Action                   |  1- 3 |  4- 6 || total
-------------------------+-------+-------++-------
Melee: War axe           |    81 |    24 ||   105
       Headbutt          |    15 |     5 ||    20
Armor: Scale mail        |    44 |     8 ||    52
Dodge: Dodged            |    35 |    13 ||    48
Block: Buckler           |    16 |     4 ||    20

Table legend: (Time is in decaauts)
 A = Elapsed time spent in this place.
 B = Non-inter-level travel time spent in this place.
 C = Inter-level travel time spent in this place.
 D = Time resting spent in this place.
 E = Time spent auto-exploring this place.
 F = Levels seen in this place.
 G = Mean time per level.
                   A        B        C        D        E       F      G
               +--------+--------+--------+--------+--------+-----+--------+
         Total |   1258 |   1249 |      9 |      0 |    992 |   2 |  629.0 |
       Dungeon |   1258 |   1249 |      9 |      0 |    992 |   2 |  629.0 |
               +--------+--------+--------+--------+--------+-----+--------+

Top non-repeatable levels by time:
     D:1: 694 daAuts
     D:2: 563 daAuts
